AoeStats
← Vilo41

Arena

509939875Analyzed
1v1 RM · 3d ago on Sep 28, 2026· 42m 11s· 2 players
Game mode
Random Map
Map size
Tiny (2 player)
Population
200
Speed
Normal
Resources
Standard
Victory
Conquest
Starting age
Dark Age
Ending age
Imperial Age
RankedLock teamsTeams togetherTeam positionsShared explorationLock speedFull tech treeHidden civsTurbo modeCheats
Victory
Defeat
🇻🇪 Franks · Venezuela
552
+29
🇺🇸 Franks · United States
595
-38
gort
8:42 Loom
10:52 Feudal Age
11:19 Double-Bit Axe
18:17 Castle Age
16:49 Double-Bit Axe
19:37 Bow Saw
22:43 Gold Mining
22:45 Stone Mining
24:09 Pikeman
27:37 Man-at-Arms
34:21 Ordonnance Companies
42:15 Imperial Age
40:33 Masonry
40:09 Treadmill Crane
42:23 Wheelbarrow
Vilo41
10:22 Feudal Age
11:38 Wheelbarrow
11:02 Double-Bit Axe
17:24 Fletching
19:45 Castle Age
18:53 Fletching
20:44 Hand Cart
22:11 Bodkin Arrow
23:53 Forging
38:58 Imperial Age
41:20 Ballistics
Connection lost

Rejoining the realm…

Still unreachable

The connection could not be restored.

Session expired

The server has moved on; the page needs a fresh start.